AoeStats
← AiM | CyclopsTron

Oasis

507203891Analyzed
4v4 RM · 14d ago on Sep 17, 2026· 21m 55s· 8 players
Game mode
Random Map
Map size
Large (8 player)
Population
200
Speed
Normal
Resources
Standard
Victory
Conquest
Starting age
Dark Age
Ending age
Imperial Age
RankedLock teamsTeams togetherTeam positionsShared explorationLock speedFull tech treeHidden civsTurbo modeCheats
Victory
Defeat
🇲🇽 Hindustanis · Mexico
1738
+10
🇲🇽 Maya · Mexico
1723
+11
🇲🇽 Franks · Mexico
1650
+14
🇲🇽 Saracens · Mexico
1462
+20
🇲🇽 Britons · Mexico
1625
-15
🇦🇷 Magyars · Argentina
1594
-14
🇺🇸 Saracens · United States
1583
-13
🇲🇽 Persians · Mexico
1582
-13
HK | El Chairo
6:00 Loom
8:21 Feudal Age
9:17 Double-Bit Axe
11:10 Horse Collar
14:48 Wheelbarrow
18:57 Gold Mining
18:59 Stone Mining
21:52 Castle Age
EXILE | Neany
9:00 Loom
10:45 Feudal Age
15:54 Castle Age
13:46 Double-Bit Axe
14:32 Horse Collar
17:03 Bow Saw
17:08 Heavy Plow
21:44 Gold Mining
22:32 Bloodlines
EXILE | Obi
6:13 Loom
9:24 Feudal Age
10:05 Double-Bit Axe
13:57 Scale Barding Armor
18:16 Horse Collar
20:17 Bloodlines
bcda
7:09 Loom
10:18 Feudal Age
13:32 Fletching
17:43 Gold Mining
18:54 Padded Archer Armor
AiM | CyclopsTron
0:26 Loom
10:08 Feudal Age
12:48 Fletching
23:31 Castle Age
21:29 Double-Bit Axe
Sad Clown
6:09 Loom
8:31 Feudal Age
14:08 Fletching
15:46 Town Watch
19:14 Double-Bit Axe
22:51 Wheelbarrow
Crosnay
6:39 Loom
8:51 Feudal Age
9:23 Double-Bit Axe
18:54 Castle Age
18:08 Forging
18:09 Bloodlines
19:24 Scale Barding Armor
20:07 Wheelbarrow
19:12 Light Cavalry
20:05 Bow Saw
LeBotut
6:19 Loom
8:59 Feudal Age
13:45 Forging
15:43 Scale Barding Armor
17:49 Double-Bit Axe
24:06 Castle Age
Connection lost

Rejoining the realm…

Still unreachable

The connection could not be restored.

Session expired

The server has moved on; the page needs a fresh start.